 Dungeon Crawl Stone Soup version 0.31-a0-702-gf82c85558f (webtiles) character file.

Game seed: 15094519595507893131

312 Dittersdorf the Shield-Bearer (level 6, 0/39 HPs)
             Began as a Gargoyle Fighter on Sept 8, 2023.
             Slain by an orc wizard
             ... wielding a +0 dagger
              (3 damage)
             ... on level 3 of the Dungeon.
             The game lasted 00:02:54 (2534 turns).

Dittersdorf the Shield-Bearer (Gargoyle Fighter)    Turns: 2534, Time: 00:02:55

Health: 0/39       AC: 12    Str: 22    XL:     6   Next: 42%
Magic:  6/6        EV:  9    Int:  8    God:
Gold:   115        SH:  0    Dex:  9    Spells: 5/5 levels left

rFire   . . .        a - +0 flail
rCold   . . .        c - +0 buckler
rNeg    + . .        b - +0 scale mail
rPois   ∞            (no helmet)
rElec   +            (no cloak)
rCorr   +            (no gloves)
SInv    .            q - +0 pair of boots
Will    .....        (no amulet) Stlth
                     k - ring of resist corrosion
HPRegen 0.26/turn    (no ring)
MPRegen 0.10/turn

%: no passive effects
@: confused
A: sickness immunity, AC +4, negative energy resistance 1, electricity
resistance, torment resistance 1, petrification resistance
a: no special abilities


You were on level 3 of the Dungeon.
You visited 1 branch of the dungeon, and saw 3 of its levels.

You collected 115 gold pieces.

Inventory:

Hand Weapons
 a - a +0 flail (weapon)
Missiles
 t - 4 poisoned darts (quivered)
Armour
 b - a +0 scale mail (worn)
 c - a +0 buckler (worn)
 q - a +0 pair of boots (worn)
Jewellery
 k - a ring of resist corrosion (left hand)
Wands
 s - a wand of iceblast (8)
Scrolls
 f - a scroll of teleportation {unknown}
 g - 3 scrolls of enchant weapon {unknown}
 h - a scroll of identify {unknown}
 i - a scroll of poison {unknown}
 j - a scroll of enchant armour {unknown}
 m - a scroll of revelation {unknown}
 r - a scroll of fog {unknown}
Potions
 d - a potion of might
 e - a potion of haste {unknown}
 l - a potion of brilliance {unknown}
 n - 3 potions of enlightenment {unknown}
 o - a potion of invisibility {unknown}
 p - 2 potions of attraction {unknown}


   Skills:
 + Level 4.7 Fighting
 + Level 3.6 Maces & Flails
 + Level 4.7 Armour
 + Level 4.7 Shields


You had 5 spell levels left.
You didn't know any spells.
Your spell library contained the following spells:

 Spells                   Type           Power      Damage    Failure   Level
 Blink                    Tloc           0%         N/A       89%         2
 Manifold Assault         Tloc           0%         N/A       100%        4


Dungeon Overview and Level Annotations

Branches:
Dungeon (3/15)

Altars:
Yredelemnul


Innate Abilities, Weirdness & Mutations

You are immune to sickness and miasma.
Your stone body is resilient. (AC +4)
You are immune to poison.
You resist negative energy. (rN+)
You are resistant to electric shocks. (rElec)
You are resistant to unholy torment.
You are immune to petrification.


Message History

The bat closely misses you. The bat hits you but does no damage.
The bat completely misses you.
A goblin is nearby!
You miss the goblin. You block the goblin's attack.
The goblin hits you but does no damage.
You sock the goblin!
You kill the goblin!
The orc wizard gestures wildly while chanting.
The orc wizard flickers and vanishes!
Deactivating autopickup; reactivate with Ctrl-A.
Something hits you but does no damage.
Things that are here:
a +0 club; a goblin corpse You closely miss something.
The orc priest calls down the wrath of Beogh upon you.
Beogh smites you! Something completely misses you.
You barely miss something.
The orc priest invokes the aid of Beogh against you.
Beogh smites you! Something hits you but does no damage.
You closely miss something.
The orc priest casts a cantrip, but nothing happens.
Something hits you.
* * * LOW HITPOINT WARNING * * *
You hit something.
Something hits you but does no damage. x2
Something hits you but does no damage. Something hits you but does no damage.
You hear some strange, mumbled words.
You are confused.
A puff of flame appears from out of thin air!
The puff of flame misses you.
The orc priest miscasts a cantrip.
You bump into the rock wall.
You bump into the rock wall.
The orc priest calls down the wrath of Beogh upon you.
Beogh smites you!
* * * LOW HITPOINT WARNING * * *
You bump into the rock wall.
Something hits you but does no damage.
You bump into the rock wall.
Something hits you.
You die...

####......# #...# #.# # #......#
#...# #.# # #......# #...# #.# #
#......# #...# #.# # #......#
##### #.# # #......# #.# #
#......# #(.
####......#######################
................@.oo.........)...
################################.
.....................# #.
####################.# ## #.# #.#
#.# #<# ###


You could see an orc priest and an orc.

Vanquished Creatures
  Sigmund (D:2)
  Terence (D:3)
  4 gnolls (D:2)
  3 adders
  2 worms
  A dart slug (D:2)
  An orc (D:3)
  6 ball pythons
  6 bats
  5 endoplasms
  3 giant cockroaches
  8 goblins
  5 hobgoblins
  4 kobolds
  5 quokkas
  6 frilled lizards
  3 rats (D:1)
64 creatures vanquished.

Notes
Turn   | Place    | Note
-------+----------+-------------------------------------------
     0 | D:1      | Dittersdorf the Gargoyle Fighter began the quest for the
                  | Orb.
     0 | D:1      | Reached XP level 1. HP: 14/14 MP: 1/1
    32 | D:1      | Reached XP level 2. HP: 12/19 MP: 2/2
   295 | D:1      | Reached XP level 3. HP: 19/23 MP: 3/3
   779 | D:2      | Found a faded altar of an unknown god.
  1164 | D:2      | Reached XP level 4. HP: 29/29 MP: 4/4
  1245 | D:2      | Found a basalt altar of Yredelemnul.
  1367 | D:2      | Noticed Sigmund
  1380 | D:2      | Killed Sigmund
  1381 | D:2      | Reached XP level 5. HP: 14/34 MP: 5/5
  1986 | D:2      | Reached XP level 6. HP: 25/39 MP: 6/6
  2355 | D:3      | Noticed Terence
  2363 | D:3      | Killed Terence
  2534 | D:3      | Slain by an orc wizard

Illustrated notes

Levels and vault maps discovered:
D:1:      heliophobic_arrival_battle_scene, layout_rooms, nrook_loot_triangle,
          kennysheep_flooded_box, hangedman_feature_mirror,
          minmay_splitting_lines, serial_park_tiny_1
D:2:      layout_basic, basic_altar, hellmonk_ecumenical_altar_blasted,
          uniq_sigmund
D:3:      layout_basic, minmay_misc_feat_iff, uniq_terence

Skill      XL: |  1  2  3  4 |
---------------+-------------+-----
Fighting       | 4 |  4.7
Maces & Flails | 3 |  3.6
Armour         | 4 |  4.7
Shields        | 4 |  4.7

Action                     |  1- 3 |  4- 6 || total
---------------------------+-------+-------++-------
  Melee: Flail             |   100 |   102 ||   202
 Armour: Scale mail        |    89 |    91 ||   180
  Dodge: Dodged            |    65 |    69 ||   134
  Block: Buckler           |    30 |    28 ||    58

Table legend: (Time is in decaauts)
 A = Elapsed time spent in this place.
 B = Non-inter-level travel time spent in this place.
 C = Inter-level travel time spent in this place.
 D = Time resting spent in this place.
 E = Time spent auto-exploring this place.
 F = Levels seen in this place.
 G = Mean time per level.
                   A        B        C        D        E       F      G
               +--------+--------+--------+--------+--------+-----+--------+
         Total |   2597 |   2518 |     79 |    227 |   1677 |   3 |  865.7 |
       Dungeon |   2597 |   2518 |     79 |    227 |   1677 |   3 |  865.7 |
               +--------+--------+--------+--------+--------+-----+--------+

Top non-repeatable levels by time:
     D:2: 1348 daAuts
     D:1: 697 daAuts
     D:3: 550 daAuts
